 Dungeon Crawl Stone Soup version 0.23.0-33-g5e6c059 (webtiles) character file.

Game seed: 15268618681159303803

23891 Evonexus1234 the Cleaver (level 12, -3/97 HPs)
             Began as a Demonspawn Gladiator on Feb 26, 2019.
             Was an Initiate of Gozag.
             Killed by divine providence
             ... invoked by Saint Roka
              (14 damage)
             ... on level 2 of the Orcish Mines on Feb 27, 2019.
             The game lasted 01:16:18 (12308 turns).

Evonexus1234 the Cleaver (Demonspawn Gladiator)    Turns: 12308, Time: 01:16:19

Health: -3/97      AC: 25    Str: 25    XL:     12   Next: 75%
Magic:  16/16      EV: 16    Int: 11    God:    Gozag
Gold:   3095       SH:  0    Dex: 24    Spells: 2/11 levels left

rFire    + . .     SeeInvis .   A - +11 war axe "Cesepniq" {freeze, Dex+4}
rCold    + . .     Gourm    .   (no shield)
rNeg     . . .     Faith    .   E - +2 chain mail {rC+}
rPois    .         Spirit   .   c - +1 helmet
rElec    .         Reflect  .   J - +0 cloak
rCorr    .         Harm     .   (no gloves)
MR       +....     Rnd*Tele +   (no boots)
Stlth    ++........             O - amulet of the acrobat
HPRegen  0.26/turn              Z - ring of protection from magic
MPRegen  0.15/turn              P - ring "Guipse" {*Tele Str+7}

@: agile, sanguine armour, invisible
A: hooves 1, fire resistance 1, spiny 1, sanguine armour 2
a: Potion Petition, Call Merchant, Bribe Branch, Renounce Religion


You were on level 2 of the Orcish Mines.
You worshipped Gozag.
Gozag was most pleased with you.
You were not hungry.

You visited 3 branches of the dungeon, and saw 14 of its levels.
You also visited: Ossuary.

You collected 3535 gold pieces.
You spent 348 gold pieces at shops.
You paid 92 gold pieces to Gozag.

Inventory:

Hand Weapons
 d - a +6 glaive of chopping
 o - a +2 antimagic broad axe
 A - the +11 war axe "Cesepniq" (weapon) {freeze, Dex+4}
   (You found it on level 5 of the Dungeon)

   It has been specially enchanted to freeze those struck by it, causing extra
   injury to most foes and up to half again as much damage against particularly
   susceptible opponents.
   It can also slow down cold-blooded creatures.
   It affects your dexterity (+4).
 N - a +3 scimitar of flaming
 R - the cursed +0 dire flail of Hatred {drain, rF+}
   (You found it on level 8 of the Dungeon)

   A truly terrible weapon, it drains the life of those it strikes.
   It protects you from fire.
   It has a curse placed upon it.
 S - a +3 long sword of flaming
 T - a cursed -2 great sword
 V - a +3 shortbow of freezing
Missiles
 h - 321 stones
 t - 21 tomahawks (quivered)
 W - 46 arrows
Armour
 c - a +1 helmet (worn)
 k - a +1 robe of cold resistance
 E - a +2 chain mail of cold resistance (worn)
 J - a +0 cloak (worn)
Jewellery
 p - an uncursed ring of protection from cold
 O - an amulet of the acrobat (around neck)
 P - the ring "Guipse" (right hand) {*Tele Str+7}
   (You found it on level 8 of the Dungeon)

   [ring of teleportation]

   It may teleport you next to monsters.
   It affects your strength (+7).
 Z - a ring of protection from magic (left hand)
Wands
 a - a wand of scattershot (6)
 B - a wand of polymorph (18)
 K - a wand of disintegration (17)
 U - a wand of acid (1)
Scrolls
 e - 2 scrolls of enchant weapon
 r - 2 scrolls of immolation {unknown}
 u - 5 scrolls of remove curse
 y - 4 scrolls of teleportation {unknown}
 z - 11 scrolls of identify
 C - 4 scrolls of amnesia
 L - 2 scrolls of fear {unknown}
Potions
 b - 2 potions of invisibility
 i - 3 potions of agility
 j - 3 potions of flight {unknown}
 l - 2 potions of degeneration {unknown}
 m - a potion of haste
 n - 4 potions of cancellation
 q - a potion of brilliance
 s - 2 potions of magic {unknown}
 v - a potion of mutation {unknown}
 x - 2 potions of ambrosia {unknown}
 D - a potion of berserk rage {unknown}
 G - 4 potions of might {unknown}
 M - 3 potions of lignification {unknown}
 X - a potion of curing
Miscellaneous
 F - a fan of gales
 Q - a fan of gales
Comestibles
 f - 14 rations


   Skills:
 - Level 10.0 Fighting
 - Level 7.1 Long Blades
 + Level 12.0 Axes
 - Level 1.7 Throwing
 - Level 8.2 Armour
 - Level 3.1 Dodging
 - Level 6.0 Stealth
 - Level 5.4 Evocations


You had 2 spell levels left.
You knew the following spells:

 Your Spells              Type           Power        Failure   Level  Hunger
a - Dragon's Call         Summ           #.........   100%        9    #######

Your spell library contained the following spells:

 Spells                   Type           Power        Failure   Level  Hunger
 Flame Tongue             Conj/Fire      #....        88%         1    ##.....
 Cause Fear               Hex            #.........   100%        4    #####..
 Bolt of Fire             Conj/Fire      #.........   100%        6    #######
 Dragon Form              Tmut           #.........   100%        7    #######


Dungeon Overview and Level Annotations

Branches:
Dungeon (11/15)            Temple (1/1) D:5            Lair (0/6) D:11
    Orc (2/2) D:11            Elf (0/3) Orc:2

Altars:
Ashenzari
Dithmenos
Elyvilon
Fedhas
Gozag
Hepliaklqana
Kikubaaqudgha
Makhleb
Okawaru
Qazlal
Sif Muna
Trog
Uskayaw
Wu Jian
Yredelemnul
Zin
The Shining One

Shops:
D:4 }   D:9 *   D:10 !:

Annotations:
Orc:2 Saint Roka


Innate Abilities, Weirdness & Mutations

You have large cloven feet.
Your flesh is heat resistant. (rF+)
You are partially covered in sharp spines.
When seriously injured, your bleeding wounds create thick armour. (AC +9)


Message History

You barely miss Saint Roka.
Saint Roka is no longer distracted by gold.
Saint Roka shouts!
You kick Saint Roka.
Saint Roka is lightly wounded.
You barely miss Saint Roka.
Saint Roka is lightly wounded.
Saint Roka roars a battlecry!
The orc wizard goes into a battle-frenzy!
You closely miss Saint Roka. You kick Saint Roka, but do no damage.
Saint Roka is lightly wounded.
Saint Roka calls down the wrath of Beogh upon you.
Beogh smites you!
* * * LOW HITPOINT WARNING * * *
It was a potion of invisibility.
You fade into invisibility!
Saint Roka calls down the wrath of Beogh upon you.
Beogh smites you!
You die...
Your body crumbles into a pile of gold.

#............#
#............#
#..........# #.........#
##...$....# ##.........#
###..........# ##
##..........).##.#
##......@o.......###
##.......###o.......#
##...(...#..#.......##
#.......######^.......#
####......#.##.......#.#
#........#......### #
#.##.........o...
####..........#.#
##.........### .##


You could see Saint Roka and an orc wizard.

Vanquished Creatures
  An orc warlord (Orc:1)
  Snorg (D:10)
  Erolcha (Orc:2)
  Fannar (D:11)
  A hydra (D:11)
  2 two-headed ogres
  Erica (D:10)
  Urug (Orc:2)
  Sonja (D:10)
  An orc knight (Orc:1)
  2 cyclopes
  A manticore (D:11)
  2 orc sorcerers (Orc:2)
  Joseph (D:7)
  2 gargoyles
  An efreet (D:8)
  A kobold demonologist (D:11)
  5 trolls
  A hornet (D:8)
  3 hippogriffs
  Sigmund (D:6)
  4 yaks (D:8)
  2 wyverns
  A human (D:8)
  3 hogs (D:8)
  A hungry ghost (D:9)
  A warg (Orc:1)
  Menkaure (D:4)
  A water moccasin (D:8)
  15 orc warriors
  2 ice beasts
  3 black bears
  5 sky beasts
  3 phantoms
  3 centaurs
  A necrophage (D:8)
  16 ogres
  4 wolves (D:11)
  A big kobold (D:10)
  7 bullfrogs
  2 wyvern zombies
  3 scorpions
  A wyvern skeleton (D:8)
  16 killer bees
  A wight (D:8)
  3 electric eels (D:11)
  6 howler monkeys
  4 crimson imps
  3 quasits
  5 hounds
  A jelly (D:10)
  5 human zombies (Ossuary)
  17 orc priests
  Crazy Yiuf (D:7)
  22 orc wizards
  3 bullfrog skeletons
  3 iguanas
  8 worker ants
  Terence (D:2)
  A killer bee zombie (D:10)
  A hound skeleton (D:4)
  2 mummies (Ossuary)
  A howler monkey zombie (D:5)
  A worker ant zombie (D:5)
  16 adders
  4 shadow imps
  An adder skeleton (D:6)
  An adder zombie (Ossuary)
  A worm (D:3)
  2 dart slugs
  11 leopard geckos
  88 orcs
  7 bats
  5 giant cockroaches
  7 goblins
  18 hobgoblins
  10 jackals
  9 kobolds
  7 quokkas
  2 ball pythons
  9 frilled lizards
  2 goblin zombies (Ossuary)
  8 hobgoblin zombies (Ossuary)
  A jackal skeleton (D:4)
  2 jackal zombies (Ossuary)
  14 kobold zombies (Ossuary)
  4 orc zombies (Ossuary)
  A quokka skeleton (D:5)
  12 rats
  A rat zombie (Ossuary)
459 creatures vanquished.

Notes
Turn   | Place    | Note
-------+----------+-------------------------------------------
     0 | D:1      | Evonexus1234 the Demonspawn Gladiator began the quest for
                  | the Orb.
     0 | D:1      | Reached XP level 1. HP: 16/16 MP: 1/1
   159 | D:1      | Gained mutation: You have large cloven feet. [demonic
                  | ancestry]
   159 | D:1      | Reached XP level 2. HP: 20/23 MP: 2/2
   633 | D:2      | Noticed Terence
   641 | D:2      | Gained mutation: When seriously injured, your bleeding
                  | wounds create armour. (AC +9) [demonic ancestry]
   641 | D:2      | Reached XP level 3. HP: 21/29 MP: 3/3
   654 | D:2      | Killed Terence
   904 | D:2      | Found a stormy altar of Qazlal.
   906 | D:2      | Noticed an earth elemental
   911 | D:2      | Noticed an air elemental
   911 | D:2      | Noticed a fire elemental
   911 | D:2      | Noticed a water elemental
   948 | D:2      | Reached XP level 4. HP: 13/35 MP: 4/4
  2041 | D:3      | Reached XP level 5. HP: 42/42 MP: 5/5
  2709 | D:4      | Reached skill level 1 in Armour
  2750 | D:4      | Found Emyf's Gadget Shoppe.
  2823 | D:4      | Gained mutation: Your flesh is heat resistant. (rF+)
                  | [demonic ancestry]
  2823 | D:4      | Reached XP level 6. HP: 29/48 MP: 6/6
  3208 | D:4      | Reached skill level 5 in Fighting
  3339 | D:4      | Noticed Menkaure
  3353 | D:4      | Killed Menkaure
  3353 | D:4      | Gained mutation: You are partially covered in sharp spines.
                  | [demonic ancestry]
  3353 | D:4      | Reached XP level 7. HP: 39/56 MP: 7/7
  3434 | D:5      | Entered Level 5 of the Dungeon
  3480 | D:5      | Reached skill level 5 in Long Blades
  3504 | D:5      | Found a staircase to the Ecumenical Temple.
  3516 | D:5      | Got an ichor-stained war axe
  3519 | D:5      | Identified the +11 war axe "Cesepniq" {freeze, Dex+4} (You
                  | found it on level 5 of the Dungeon)
  3564 | D:5      | Reached skill level 1 in Axes
  3566 | Temple   | Entered the Ecumenical Temple
  3575 | Temple   | Became a worshipper of Gozag Ym Sagoz the Greedy
  3620 | D:5      | Reached skill level 2 in Axes
  3793 | D:5      | Reached skill level 3 in Axes
  3793 | D:5      | Gained mutation: When seriously injured, your bleeding
                  | wounds create thick armour. (AC +9) [demonic ancestry]
  3793 | D:5      | Reached XP level 8. HP: 50/63 MP: 8/8
  3939 | D:6      | Reached skill level 4 in Axes
  3949 | D:6      | Noticed Sigmund
  3956 | D:6      | Killed Sigmund
  3956 | D:6      | Reached skill level 5 in Axes
  3986 | D:6      | Reached skill level 6 in Axes
  4602 | D:6      | Reached skill level 7 in Axes
  4675 | D:6      | Reached XP level 9. HP: 60/68 MP: 9/9
  5051 | D:7      | Noticed Joseph
  5077 | D:7      | HP: 1/71 [Joseph/+1 quarterstaff of distortion (18)]
  5080 | D:7      | Killed Joseph
  5301 | D:7      | Found a runed translucent door.
  5325 | D:7      | Noticed Crazy Yiuf
  5330 | D:7      | Killed Crazy Yiuf
  5443 | D:7      | Found a sand-covered staircase.
  5451 | Ossuary  | Entered an ossuary
  5610 | Ossuary  | Reached skill level 5 in Armour
  6179 | D:8      | Reached skill level 1 in Evocations
  6179 | D:8      | Reached XP level 10. HP: 74/80 MP: 9/11
  6217 | D:8      | Reached skill level 5 in Evocations
  6250 | D:8      | Got a faintly glowing glass ring
  6256 | D:8      | Got a slimy dire flail
  6268 | D:8      | Identified the cursed +0 dire flail of Hatred {drain, rF+}
                  | (You found it on level 8 of the Dungeon)
  6270 | D:8      | Identified the ring "Guipse" {*Tele Str+7} (You found it on
                  | level 8 of the Dungeon)
  6342 | D:8      | Found a shattered altar of Ashenzari.
  6385 | D:8      | Reached skill level 8 in Axes
  6423 | D:8      | Noticed a two-headed ogre
  6434 | D:8      | Killed a two-headed ogre
  6434 | D:8      | Reached skill level 9 in Axes
  7105 | D:9      | You fall through a shaft!
  7105 | D:10     | Entered Level 10 of the Dungeon
  7116 | D:10     | Reached XP level 11. HP: 86/86 MP: 15/15
  7177 | D:10     | Reached skill level 10 in Axes
  7223 | D:10     | Found Piusuat's Book Emporium.
  7297 | D:10     | Noticed Erica
  7305 | D:10     | Killed Erica
  7325 | D:10     | Found Dyfoggia's Distillery.
  7329 | D:10     | Bought 2 potions of heal wounds for 120 gold pieces
  7329 | D:10     | Bought a potion of agility for 48 gold pieces
  7329 | D:10     | Bought a potion of heal wounds for 60 gold pieces
  7329 | D:10     | Bought a potion of haste for 120 gold pieces
  7370 | D:10     | Noticed a two-headed ogre
  7378 | D:10     | Killed a two-headed ogre
  7499 | D:10     | Noticed Snorg
  7504 | D:10     | Killed Snorg
  7504 | D:10     | Reached skill level 10 in Fighting
  7514 | D:10     | Noticed Sonja
  7981 | D:10     | Killed Sonja
  8216 | D:9      | Found Utokhluq's General Store.
  9154 | D:11     | Noticed a seven-headed hydra
  9161 | D:11     | Killed a four-headed hydra
  9190 | D:11     | Learned a level 9 spell: Dragon's Call
  9207 | D:11     | Noticed Fannar
  9226 | D:11     | Reached skill level 1 in Stealth
  9239 | D:11     | Reached XP level 12. HP: 62/97 MP: 16/16
  9386 | D:11     | Found a staircase to the Lair.
  9585 | D:11     | Killed Fannar
  9716 | D:11     | Found a staircase to the Orcish Mines.
 10187 | Orc:1    | Entered Level 1 of the Orcish Mines
 10187 | Orc:1    | Noticed an orc warlord
 10209 | Orc:1    | Killed an orc warlord
 10455 | Orc:2    | Entered Level 2 of the Orcish Mines
 10469 | Orc:2    | Noticed Saint Roka
 10482 | Orc:1    | HP: 1/97 [orc knight/+3 great sword (13)]
 11324 | Orc:1    | Reached skill level 11 in Axes
 11567 | Orc:2    | Found a staircase to the Elven Halls.
 11572 | Orc:2    | Noticed Urug
 11924 | Orc:2    | Killed Urug
 11961 | Orc:2    | Noticed Erolcha
 12283 | Orc:2    | Killed Erolcha
 12283 | Orc:2    | Reached skill level 12 in Axes
 12308 | Orc:2    | Killed from afar by Saint Roka

Skill      XL: |  1  2  3  4  5  6  7  8  9 10 11 12 |
---------------+-------------------------------------+-----
Fighting       | 3 4 5 8 10 | 10.0
Long Blades    | 3 4 5 7 |  7.1
Dodging        | 3 |  3.1
Armour         | 2 3 6 8 |  8.2
Axes           | 3 7 9 10 12 | 12.0
Evocations     | 1 5 |  5.4
Stealth        | 1 6 |  6.0
Throwing       | |  1.7

Action                   |  1- 3 |  4- 6 |  7- 9 | 10-12 || total
-------------------------+-------+-------+-------+-------++-------
Melee: Long sword        |    76 |   249 |    22 |       ||   347
       Kick              |    13 |    79 |    71 |   140 ||   303
       War axe           |       |       |   209 |   402 ||   611
       Scimitar          |       |       |       |     4 ||     4
       Unarmed           |       |       |       |     2 ||     2
Throw: Throwing net      |       |     3 |       |     7 ||    10
       Stone             |       |       |       |     8 ||     8
       Tomahawk          |       |       |       |     2 ||     2
Invok: Potion Petition   |       |       |     1 |       ||     1
Evoke: Wand              |       |       |       |     9 ||     9
  Use: Potion            |     2 |       |     3 |    13 ||    18
       Scroll            |       |     3 |     3 |    12 ||    18
 Stab: Distracted        |       |       |     4 |     7 ||    11
       Held in net/web   |       |       |       |     1 ||     1
  Eat: Chunk             |       |     8 |     2 |       ||    10
       Ration            |       |       |     3 |     6 ||     9
Armor: Leather armour    |     7 |       |       |       ||     7
       Robe              |    10 |    16 |       |       ||    26
       Plate armour      |       |   174 |   119 |   117 ||   410
       Chain mail        |       |       |       |    35 ||    35
Dodge: Dodged            |    68 |   119 |    57 |   200 ||   444
       Rpst.: Long sword |    21 |    40 |     2 |       ||    63
       Scimitar          |       |       |       |     1 ||     1
